 Dungeon Crawl Stone Soup version 0.29-a0-643-ga013cefcf8 (webtiles) character file.

Game seed: 9098224035915759264

45 happo123 the Digger (level 3, -1/20 HPs)
             Began as a Gargoyle Earth Elementalist on June 19, 2022.
             Slain by Terence
             ... wielding a +0 short sword
              (4 damage)
             ... on level 2 of the Dungeon.
             The game lasted 00:10:18 (1287 turns).

happo123 the Digger (Gargoyle Earth Elementalist)   Turns: 1287, Time: 00:10:19

Health: -1/20      AC:  6    Str: 11    XL:     3   Next: 64%
Magic:  0/6        EV: 12    Int: 17    God:
Gold:   147        SH:  0    Dex: 16    Spells: 2/6 levels left

rFire   + . .      SeeInvis .   k - +0 whip
rCold   + . .      Faith    .   (no shield)
rNeg    + . .      Spirit   .   a - +0 robe
rPois   ∞          Reflect  .   (no helmet)
rElec   +          Harm     .   q - scarf {rC+ rF+}
rCorr   .          Rampage  .   s - +0 pair of gloves
Will    .....                   (no boots)
Stlth   ++........              (no amulet)
HPRegen 0.06/turn               r - +6 ring of dexterity
MPRegen 0.10/turn               (no ring)

@: no status effects
A: sickness immunity, AC +3, negative energy resistance 1, electricity
resistance, torment resistance 1, petrification resistance
a: no special abilities


You were on level 2 of the Dungeon.
You visited 1 branch of the dungeon, and saw 2 of its levels.

You collected 147 gold pieces.

Inventory:

Hand Weapons
 k - a +0 whip (weapon)
Armour
 a - a +0 robe (worn)
 q - a scarf of resistance (worn)
 s - a +0 pair of gloves (worn)
Jewellery
 g - an amulet of guardian spirit
 r - a +6 ring of dexterity (left hand)
Scrolls
 d - 3 scrolls of enchant armour {unknown}
 f - 4 scrolls of identify {unknown}
 h - a scroll of teleportation {unknown}
 i - a scroll of amnesia {unknown}
 l - a scroll of blinking {unknown}
 n - a scroll of brand weapon {unknown}
Potions
 b - a potion of magic
 c - a potion of invisibility {unknown}
 e - a potion of heal wounds {unknown}
 j - a potion of might {unknown}
 m - a potion of berserk rage {unknown}
 o - a potion of cancellation {unknown}
 p - a potion of flight {unknown}


   Skills:
 + Level 0.9 Fighting
 + Level 1.7 Dodging
 + Level 2.8 Stealth
 * Level 2.3 Spellcasting
 + Level 0.8 Conjurations
 + Level 1.0 Transmutations
 * Level 4.0 Earth Magic


You had 2 spell levels left.
You knew the following spells:

 Your Spells              Type           Power      Damage    Failure   Level
a - Sandblast             Erth           30%        2d9       3%          1
b - Stone Arrow           Conj/Erth      20%        3d8       21%         3

Your spell library contained the following spells:

 Spells                   Type           Power      Damage    Failure   Level
 Passwall                 Tmut/Erth      8%         N/A       10%         2
 Gell's Gravitas          Tloc           2%         N/A       50%         3
 Lesser Beckoning         Tloc           2%         N/A       50%         3
 Teleport Other           Tloc           2%         N/A       50%         3
 Petrify                  Tmut/Erth      10%        N/A       54%         4


Dungeon Overview and Level Annotations

Branches:
Dungeon (2/15)

Altars:

Shops:
D:1 !

Annotations:
D:2 Terence


Innate Abilities, Weirdness & Mutations

You are immune to sickness and miasma.
Your stone body is resilient. (AC +3)
You are immune to poison.
You resist negative energy. (rN+)
You are resistant to electric shocks. (rElec)
You are resistant to unholy torment.
You are immune to petrification.


Message History

Terence hits you with a +0 short sword.
You hit Terence but do no damage.
Terence is moderately wounded.
Terence hits you but does no damage.
You completely miss Terence.
Terence is moderately wounded.
Terence hits you with a +0 short sword.
You closely miss Terence.
Terence is moderately wounded.
Terence barely misses you.
You hit Terence.
Terence is moderately wounded.
Terence hits you but does no damage.
You barely miss Terence.
Terence is moderately wounded.
Terence closely misses you.
You hit Terence. You punch Terence, but do no damage.
Terence is moderately wounded.
Terence misses you.
You hit Terence but do no damage.
Terence is moderately wounded.
Terence hits you with a +0 short sword!
* * * LOW HITPOINT WARNING * * *
You hit Terence but do no damage.
Terence is moderately wounded.
Terence hits you with a +0 short sword.
* * * LOW HITPOINT WARNING * * *
You completely miss Terence.
Terence is moderately wounded.
Terence closely misses you.
You hit Terence but do no damage.
Terence is moderately wounded.
Terence closely misses you. Terence barely misses you.
Aiming: Sandblast (safe; 3% risk of failure)
Press: ? - help, Q - select action Shift-Dir - straight line, f/p - Terence
Aim: Terence, wielding a +0 short sword and wearing a +0 chain mail (moderately wounded, 85% to hit)
The blast of sand hits Terence but does no damage.
Terence is moderately wounded.
Terence hits you with a +0 short sword.
You die...

.. #.###.........#
#.# #.#
#.........# #..
#)# #.........#
#.##†###.........#
#..#†..###########
#......# #......#
#......# #..@...#
#..@.### #....#
###....# #.....>#
#......# #......#
#....).# #.....(#


You could see Terence.

Vanquished Creatures
  A worm (D:2)
  3 dart slugs (D:1)
  6 endoplasms (D:1)
  A giant cockroach (D:2)
  2 goblins
  A hobgoblin (D:2)
  4 jackals (D:2)
  2 quokkas
  3 ball pythons
  2 bats (D:1)
  3 frilled lizards (D:1)
  A kobold (D:2)
  6 rats (D:1)
35 creatures vanquished.

Notes
Turn   | Place    | Note
-------+----------+-------------------------------------------
     0 | D:1      | happo123 the Gargoyle Earth Elementalist began the quest
                  | for the Orb.
     0 | D:1      | Reached XP level 1. HP: 10/10 MP: 3/3
   266 | D:1      | Reached XP level 2. HP: 2/15 MP: 0/5
   599 | D:1      | Reached skill level 4 in Earth Magic
   655 | D:1      | Reached skill level 1 in Transmutations
   713 | D:1      | Found Aruquo's Distillery.
   777 | D:1      | Reached XP level 3. HP: 19/20 MP: 6/6
   781 | D:1      | Learned a level 3 spell: Stone Arrow
  1182 | D:2      | Noticed Terence
  1287 | D:2      | Slain by Terence

Illustrated notes

Levels and vault maps discovered:
D:1:      saegor_arrival_simple_a, layout_basic, serial_shops, shop
D:2:      layout_basic, uniq_terence

Skill      XL: |  1  2 |
---------------+-------+-----
Earth Magic    | 4 |  4.0
Transmutations | 1 |  1.0
Fighting       | |  0.9
Dodging        | |  1.7
Stealth        | |  2.8
Spellcasting   | |  2.3
Conjurations   | |  0.8

Action                   || total
-------------------------++-------
Melee: Unarmed           ||     7
       Whip              ||    38
       Punch             ||     1
 Cast: Sandblast         ||    42
       Stone Arrow       ||     3
Armor: Robe              ||    21
Dodge: Dodged            ||    27

Table legend: (Time is in decaauts)
 A = Elapsed time spent in this place.
 B = Non-inter-level travel time spent in this place.
 C = Inter-level travel time spent in this place.
 D = Time resting spent in this place.
 E = Time spent auto-exploring this place.
 F = Levels seen in this place.
 G = Mean time per level.
                   A        B        C        D        E       F      G
               +--------+--------+--------+--------+--------+-----+--------+
         Total |   1335 |    962 |    373 |    360 |    246 |   2 |  667.5 |
       Dungeon |   1335 |    962 |    373 |    360 |    246 |   2 |  667.5 |
               +--------+--------+--------+--------+--------+-----+--------+

Top non-repeatable levels by time:
     D:1: 1056 daAuts
     D:2: 278 daAuts
